 Dungeon Crawl Stone Soup version 0.28-a0-97-g102d6777a4 (webtiles) character file.

Game seed: 10040894617684106591

39 pokeman the Magician (level 3, -1/20 HPs)
             Began as a Deep Elf Hedge Wizard on Aug 10, 2021.
             Shot with a stone by a goblin (2 damage)
             ... led by Robin
             ... on level 2 of the Dungeon.
             The game lasted 00:03:14 (1569 turns).

pokeman the Magician (Deep Elf Hedge Wizard)        Turns: 1569, Time: 00:03:14

Health: -1/20      AC:  3    Str:  7    XL:     3   Next: 26%
Magic:  0/11       EV: 11    Int: 19    God:
Gold:   40         SH:  0    Dex: 14    Spells: 1/12 levels left

rFire   . . .      SeeInvis .   b - staff of conjuration
rCold   . . .      Faith    .   (no shield)
rNeg    . . .      Spirit   .   m - +0 leather armour
rPois   .          Reflect  .   c - +0 hat
rElec   .          Harm     .   (no cloak)
rCorr   .          Rampage  .   (no gloves)
Will    .....                   (no boots)
Stlth   ++........              (no amulet)
HPRegen 0.06/turn               (no ring)
MPRegen 0.12/turn               (no ring)

@: no status effects
A: no striking features
a: no special abilities


You were on level 2 of the Dungeon.
You visited 1 branch of the dungeon, and saw 2 of its levels.

You collected 121 gold pieces.
You spent 81 gold pieces at shops.

Inventory:

Missiles
 f - 27 bolts
 h - 47 arrows
Armour
 c - a +0 hat (worn)
 e - a +2 buckler
 m - a +0 leather armour (worn)
Magical Staves
 b - a staff of conjuration (weapon)
Scrolls
 g - a scroll of silence {unknown}
 i - a scroll of acquirement {unknown}
 j - a scroll of blinking {unknown}
 k - a scroll of fear {unknown}
 l - a scroll of teleportation {unknown}
Potions
 d - 2 potions of curing {unknown}


   Skills:
 + Level 0.9 Fighting
 + Level 0.8 Armour
 - Level 2.4 Dodging
 - Level 2.4 Stealth
 * Level 5.1 Spellcasting
 + Level 1.7 Conjurations
 - Level 1.1 Summonings
 - Level 1.1 Translocations


You had one spell level left.
You knew the following spells:

 Your Spells              Type           Power      Damage    Failure   Level
a - Magic Dart            Conj           68%        1d6       9%          1
b - Mephitic Cloud        Conj/Pois/Air  10%        N/A       38%         3
c - Call Imp              Summ           9%         N/A       17%         2
d - Blink                 Tloc           N/A        N/A       17%         2
e - Conjure Flame         Conj/Fire      12%        6-21      36%         3

Your spell library contained the following spells:

 Spells                   Type           Power      Damage    Failure   Level
 Slow                     Hex            4%         N/A       26%         2


Dungeon Overview and Level Annotations

Branches:
Dungeon (2/15)

Altars:

Shops:
D:1 *

Annotations:
D:2 Robin


Message History

Casting: Magic Dart (safe; 9% risk of failure)
Confirm with . or Enter, or press ? or * to list all spells.
Aiming: Magic Dart (safe; 9% risk of failure)
Press: ? - help, Shift-Dir - straight line, f - hobgoblin
Aim: a hobgoblin, wearing a +0 robe (100% to hit)
You feel a surge of power!
The magic dart hits the hobgoblin.
The hobgoblin is lightly wounded.
The goblin unwields a +0 dagger.
The goblin wields a +0 vorpal hunting sling.
The goblin shoots a stone.
The stone hits you.
Robin of the Strong Arm comes into view.
They are wielding a +0 spear.
Robin shouts!
Casting: Magic Dart (safe; 9% risk of failure)
Confirm with . or Enter, or press ? or * to list all spells.
Aiming: Magic Dart (safe; 9% risk of failure)
Press: ? - help, Shift-Dir - straight line, f/p - hobgoblin
Aim: a hobgoblin, wearing a +0 robe (lightly wounded, 100% to hit)
You feel a surge of power!
The magic dart hits the hobgoblin.
The hobgoblin is severely wounded.
The hobgoblin hits you but does no damage.
Casting: Magic Dart (safe; 9% risk of failure)
Confirm with . or Enter, or press ? or * to list all spells.
Aiming: Magic Dart (safe; 9% risk of failure)
Press: ? - help, Shift-Dir - straight line, f/p - hobgoblin
Aim: a hobgoblin, wearing a +0 robe (severely wounded, 100% to hit)
You feel a surge of power!
The magic dart hits the hobgoblin.
You kill the hobgoblin!
The goblin shoots a stone.
The stone misses you.
Robin's horned helmet rattles.
A goblin comes into view. It is wielding a +0 dagger.
The goblin shoots a stone.
The stone barely misses you. Robin throws the goblin at you!
The goblin shoots a stone.
The stone closely misses you.
The goblin unwields a +0 dagger.
The goblin wields a +2 vorpal hunting sling.
The goblin shoots a stone.
The stone hits you.
* * * LOW HITPOINT WARNING * * *
x2 The goblin shoots a stone.
The stone barely misses you.
The goblin shoots a stone.
The stone hits you.
You die...

#.##.....#..###
#.##..........# #
##.##.....#..#.# .# .
....#.....#..#.#######g##)#)
##.##........#.#............
........#.##.#.#..g..[))..#
.#...........#.#..........#
.#####.......#.#.....g...[).
.............#.#@########...
.##..........#.#'##### ..
.##....###+###.......# .
.##....#... #.......#
.##........ +..........
.....>..... ##.........
..†.....^.# #.........
.......#### #.........
.......# ..........


You could see Robin and 2 goblins.

Vanquished Creatures
  A worm (D:2)
  A dart slug (D:1)
  2 ball pythons
  7 goblins
  4 hobgoblins
  3 quokkas
  5 bats
  A frilled lizard (D:2)
  3 kobolds (D:1)
  4 rats
31 creatures vanquished.

Notes
Turn   | Place    | Note
-------+----------+-------------------------------------------
     0 | D:1      | pokeman the Deep Elf Hedge Wizard began the quest for the
                  | Orb.
     0 | D:1      | Reached XP level 1. HP: 10/10 MP: 7/7
   584 | D:1      | Reached XP level 2. HP: 15/15 MP: 7/9
   669 | D:1      | Found Iconiaw's Assorted Antiques.
   686 | D:1      | Bought a scroll labelled WUQARE VAIGI for 27 gold pieces
   686 | D:1      | Bought a scroll labelled CUJASO FIPE for 27 gold pieces
   745 | D:1      | Bought a scroll labelled YZEIQEO YCAENA for 27 gold pieces
  1328 | D:2      | Reached skill level 5 in Spellcasting
  1466 | D:2      | Reached XP level 3. HP: 20/20 MP: 9/11
  1470 | D:2      | Learned a level 3 spell: Mephitic Cloud
  1473 | D:2      | Learned a level 2 spell: Call Imp
  1476 | D:2      | Learned a level 2 spell: Blink
  1480 | D:2      | Learned a level 3 spell: Conjure Flame
  1563 | D:2      | Noticed Robin
  1567 | D:2      | HP: 1/20 [goblin/stone[Robin] (1)]
  1569 | D:2      | Shot with a stone by a goblin

Illustrated notes

Levels and vault maps discovered:
D:1:      saegor_arrival_simple_e, layout_loops_ring, serial_shops, shop_coins,
          minmay_bisected
D:2:      layout_basic, hex_intersection, uniq_robin

Skill      XL: |  1  2 |
---------------+-------+-----
Spellcasting   | 5 |  5.1
Fighting       | |  0.9
Armour         | |  0.8
Dodging        | |  2.4
Stealth        | |  2.4
Conjurations   | |  1.7
Summonings     | |  1.1
Translocations | |  1.1

Action                   || total
-------------------------++-------
Melee: Dagger            ||     2
 Cast: Magic Dart        ||    77
Armor: Robe              ||     2
       Leather armour    ||     4
Dodge: Dodged            ||    11

Table legend: (Time is in decaauts)
 A = Elapsed time spent in this place.
 B = Non-inter-level travel time spent in this place.
 C = Inter-level travel time spent in this place.
 D = Time resting spent in this place.
 E = Time spent auto-exploring this place.
 F = Levels seen in this place.
 G = Mean time per level.
                   A        B        C        D        E       F      G
               +--------+--------+--------+--------+--------+-----+--------+
         Total |   1568 |   1524 |     44 |     90 |   1254 |   2 |  784.0 |
       Dungeon |   1568 |   1524 |     44 |     90 |   1254 |   2 |  784.0 |
               +--------+--------+--------+--------+--------+-----+--------+

Top non-repeatable levels by time:
     D:1: 1191 daAuts
     D:2: 377 daAuts
